 Dungeon Crawl Stone Soup version 0.18.1-1-g2f07953 (webtiles) character file.

1744 imganon the Cleaver (level 8, -2/88 HPs)
             Began as a Demonspawn Berserker on May 6, 2016.
             Was a High Priest of Trog.
             Slain by a wight
             ... wielding a +3 war axe
              (3 damage)
             ... on level 6 of the Dungeon.
             The game lasted 00:12:51 (6573 turns).

imganon the Cleaver (Demonspawn Berserker)          Turns: 6573, Time: 00:12:52

Health: -2/88      AC: 11    Str: 25    XL:     8   Next: 77%
Magic:  8/8        EV:  8    Int:  8    God:    Trog [*****.]
Gold:   298        SH:  0    Dex: 13    Spells: 0 memorised, 7 levels left

rFire  . . .     SeeInvis .     a - +0 hand axe
rCold  + . .     Gourm    .     t - +0 chain mail
rNeg   . . .     Faith    +     (no shield)
rPois  .         Spirit   .     (no helmet)
rElec  .         Dismiss  .     n - +0 cloak
rCorr  .         Reflect  .     (no gloves)
SustAt .         Harm     .     y - +0 pair of boots
MR     .....                    b - amulet of faith
Stlth  ..........               (no ring)
                                (no ring)

@: berserking, heavily drained, very quick, not resistant to hostile
enchantments, extremely unstealthy
A: rugged brown scales 1, cold resistance 1, freezing cloud immunity
a: Berserk, Trog's Hand, Brothers in Arms, Burn Spellbooks, Renounce Religion


You were on level 6 of the Dungeon.
You worshipped Trog.
Trog was extremely pleased with you.
You were not hungry.

You visited 1 branch of the dungeon, and saw 6 of its levels.

You collected 298 gold pieces.

Inventory:

Hand Weapons
 a - a +0 hand axe (weapon)
Armour
 n - a +0 cloak (worn)
 t - a +0 chain mail (worn)
 y - a +0 pair of boots (worn)
Jewellery
 b - an amulet of faith (around neck)
 x - the ring of Gluttony {*Tele Slay+2, unknown}
   (You found it on level 4 of the Dungeon)

   [ring of teleportation]

   It may teleport you next to monsters.
   It affects your accuracy and damage with ranged weapons and melee attacks
   (+2).
Wands
 g - a wand of disintegration (16/24)
 m - a wand of confusion (12/48)
 C - a wand of confusion (37/48)
Scrolls
 e - 4 scrolls of identify {unknown}
 h - 5 scrolls of remove curse {unknown}
 k - 2 scrolls of immolation {unknown}
 o - a scroll of teleportation {unknown}
 p - 2 scrolls of recharging {unknown}
 q - a scroll of enchant weapon {unknown}
 r - 2 scrolls of magic mapping {unknown}
 s - a scroll of fog {unknown}
 v - a scroll of blinking {unknown}
 A - a scroll of random uselessness {unknown}
 B - a scroll of amnesia {unknown}
Potions
 d - a potion of curing
 i - a potion of agility
 j - a potion of ambrosia {unknown}
 l - a potion of lignification {unknown}
 u - a potion of heal wounds {unknown}
 w - a potion of cure mutation
 z - a potion of haste
Comestibles
 c - 4 bread rations
 f - 3 meat rations
 D - 6 chunks of flesh


   Skills:
 - Level 3.0(1.5) Fighting
 + Level 10.6(8.8) Axes
 - Level 1.7(0.3) Armour
 - Level 1.7(0.3) Dodging


You had 7 spell levels left.
You didn't know any spells.

Dungeon Overview and Level Annotations

Branches:
Dungeon (6/15)
 Temple: D:4-7

Altars:
Cheibriados
Dithmenos
Fedhas
Nemelex Xobeh
Pakellas
Qazlal
Vehumet
Xom


Innate Abilities, Weirdness & Mutations

You are partially covered in rugged brown scales (AC +1, +3% HP).
Your flesh is cold resistant.
You are immune to freezing clouds.


Message History

The wight is severely damaged.
The wight hits you with an enchanted war axe!
* * * LOW HITPOINT WARNING * * *
You completely miss the wight.
The wight is severely damaged.
The wight hits you but does no damage.
You hit the wight but do no damage.
The wight is severely damaged.
Unknown command.
You hit the wight but do no damage.
The wight is severely damaged.
The wight hits you but does no damage.
Unknown command.
A red film seems to cover your vision as you go berserk!
You feel yourself moving faster!
You feel mighty!
You feel somewhat more hungry.
The wight hits you with an enchanted war axe.
* * * LOW HITPOINT WARNING * * *
You feel drained.
You die...

... #...######## ....
#..........# .....
#..........# #.....
#.....$....# .......
##...>......# .......
#...........# ....... .#
#.......z...# ....... ...
#....@....# #.....
....####.........# ####...
.....<...........######......
.......)÷........#....#......
...<....†........)...........
.................)..........#
..............#.............#
..............#.............#
.....##########.............#


You could see a wight.

Vanquished Creatures
  The ghost of zkyp the Skirmisher, an amateur OgFi (D:3)
  Eustachio (D:5)
  An ice beast (D:5)
  A phantom (D:4)
  A sky beast (D:5)
  2 ogres
  A centaur (D:5)
  A big kobold (D:5)
  4 wights (D:6)
  2 howler monkeys
  2 crimson imps
  A jelly (D:5)
  A giant frog skeleton (D:5)
  3 orc wizards
  3 worker ants
  Natasha (twice) (D:3)
  A killer bee zombie (D:6)
  A hound skeleton (D:6)
  3 gnolls (D:6)
  8 adders
  A shadow imp (D:3)
  2 oozes
  2 worms (D:3)
  A dart slug (D:1)
  2 giant geckos
  8 orcs
  3 giant cockroaches
  7 hobgoblins
  22 jackals
  3 quokkas
  18 bats
  5 giant newts
  13 goblins
  31 kobolds
  5 rats
163 creatures vanquished.

Vanquished Creatures (others)
  2 plants (D:5)
2 creatures vanquished.

Grand Total: 165 creatures vanquished

Notes
Turn   | Place    | Note
--------------------------------------------------------------
     0 | D:1      | imganon the Demonspawn Berserker began the quest for the Orb.
     0 | D:1      | Reached XP level 1. HP: 18/18 MP: 1/1
    66 | D:1      | Reached skill level 3 in Axes
   135 | D:1      | Gained mutation: You are partially covered in rugged brown scales (AC +1, +3% HP). [demonic ancestry]
   135 | D:1      | Reached XP level 2. HP: 2/24 MP: 2/2
   605 | D:1      | Reached ** piety under Trog
   796 | D:1      | Gained mutation: Your flesh is cold resistant. [demonic ancestry]
   796 | D:1      | Reached XP level 3. HP: 29/29 MP: 3/3
  1072 | D:2      | Reached skill level 4 in Axes
  1483 | D:2      | Reached XP level 4. HP: 25/36 MP: 4/4
  1845 | D:3      | Noticed zkyp's ghost (amateur OgFi)
  1852 | D:3      | Reached *** piety under Trog
  1854 | D:3      | Killed zkyp's ghost
  1854 | D:3      | Reached skill level 6 in Axes
  1854 | D:3      | Gained mutation: You are immune to freezing clouds. [demonic ancestry]
  1854 | D:3      | Reached XP level 5. HP: 3/42 MP: 5/5
  2189 | D:3      | Reached XP level 6. HP: 45/48 MP: 6/6
  2670 | D:3      | Noticed Natasha
  2678 | D:3      | Killed Natasha
  2759 | D:3      | Reached **** piety under Trog
  2852 | D:3      | Noticed Natasha
  2861 | D:3      | Killed Natasha
  2861 | D:3      | Reached skill level 7 in Axes
  3205 | D:4      | Reached XP level 7. HP: 26/53 MP: 7/7
  3439 | D:4      | Got a faintly glowing iron ring
  3479 | D:4      | Found a blossoming altar of Fedhas.
  3895 | D:4      | Reached skill level 8 in Axes
  4182 | D:5      | Entered Level 5 of the Dungeon
  4182 | D:5      | Found an oddly glowing altar of Pakellas.
  4199 | D:5      | Found a radiant altar of Vehumet.
  4200 | D:5      | Found a snail-covered altar of Cheibriados.
  4202 | D:5      | Found a shadowy altar of Dithmenos.
  4203 | D:5      | Found a shimmering altar of Xom.
  4237 | D:5      | Found a sparkling altar of Nemelex Xobeh.
  4617 | D:5      | Reached skill level 9 in Axes
  4617 | D:5      | Reached XP level 8. HP: 26/59 MP: 8/8
  5084 | D:5      | Noticed Eustachio
  5195 | D:5      | Killed Eustachio
  5494 | D:5      | Reached skill level 10 in Axes
  5724 | D:5      | Reached ***** piety under Trog
  5968 | D:6      | Found a blossoming altar of Fedhas.
  5970 | D:6      | Found a stormy altar of Qazlal.
  6573 | D:6      | HP: 1/88 [wight/enchanted war axe (6)]
  6573 | D:6      | Slain by a wight

Skill      XL: |  1  2  3  4  5  6  7  8 |
---------------+-------------------------+-----
Axes           | 3 4 6 7 9 10 | 10.6
Fighting       | |  3.0
Armour         | |  1.7
Dodging        | |  1.7

Action                   |  1- 3 |  4- 6 |  7- 9 || total
-------------------------+-------+-------+-------++-------
Melee: Hand axe          |   162 |   246 |   504 ||   912
Invok: Berserk           |     1 |     2 |     3 ||     6
       Trog's Hand       |       |       |     1 ||     1
  Use: Potion            |       |       |     6 ||     6
 Stab: Sleeping          |     1 |     1 |       ||     2
  Eat: Chunk             |     3 |     7 |     4 ||    14
       Fruit             |       |       |     4 ||     4
       Meat ration       |       |       |     2 ||     2
Armor: Animal skin       |    27 |       |       ||    27
       Leather armour    |    27 |    50 |       ||    77
       Chain mail        |       |    48 |   288 ||   336
Dodge: Dodged            |   130 |   136 |   202 ||   468
